 Dungeon Crawl Stone Soup version 0.29-a0-923-g6e406bff71 (webtiles) character file.

Game seed: 18065978499526120276

163 xian the Conjurer (level 5, -2/24 HPs)
             Began as a Spriggan Conjurer on July 27, 2022.
             Slain by a river rat (6 damage)
             ... on level 3 of the Dungeon.
             The game lasted 00:07:13 (2303 turns).

xian the Conjurer (Spriggan Conjurer)               Turns: 2303, Time: 00:07:13

Health: -2/24      AC:  4    Str:  3    XL:     5   Next: 20%
Magic:  8/12       EV: 21    Int: 24    God:
Gold:   84         SH:  0    Dex: 15    Spells: 9/12 levels left

rFire   + . .      SeeInvis +   e - +0 dagger
rCold   x . .      Faith    .   (no shield)
rNeg    . . .      Spirit   .   h - +2 robe "Seixeyps" {rF+ rC- Int+4}
rPois   .          Reflect  .   (helmet restricted)
rElec   .          Harm     +   a - scarf {harm}
rCorr   .          Rampage  .   (gloves unavailable)
Will    .....                   (boots unavailable)
Stlth   ++........              (no amulet)
HPRegen 0.08/turn               g - +4 ring of evasion
MPRegen 0.13/turn               (no ring)

@: slow
A: very small, no large weapons, unfitting armour, see invisible, speed 3
a: no special abilities


You were on level 3 of the Dungeon.
You visited 1 branch of the dungeon, and saw 3 of its levels.

You collected 104 gold pieces.
You spent 20 gold pieces at shops.

Inventory:

Hand Weapons
 e - a +0 dagger (weapon)
Armour
 a - a scarf of harm (worn)
 h - the +2 robe "Seixeyps" (worn) {rF+ rC- Int+4}
   (You found it on level 2 of the Dungeon)

   Int:       It affects your intelligence (+4).
   rF:        It protects you from fire.
   rC:        It makes you vulnerable to cold.
Jewellery
 g - a +4 ring of evasion (left hand)
Potions
 c - a potion of might
 f - a potion of mutation
 j - a potion of lignification {unknown}


   Skills:
 + Level 3.3 Dodging
 + Level 3.8 Stealth
 + Level 4.1 Spellcasting
 + Level 4.1 Conjurations


You had 9 spell levels left.
You knew the following spells:

 Your Spells              Type           Power      Damage    Failure   Level
a - Magic Dart            Conj           96%        1d7       1%          1
b - Searing Ray           Conj           48%        2d6       2%          2

Your spell library contained the following spells:

 Spells                   Type           Power      Damage    Failure   Level
 Sting                    Tmut/Pois      16%        1d3       10%         1
 Dazzling Flash           Conj/Hex       28%        N/A       12%         3
 Poisonous Vapours        Pois/Air       8%         N/A       14%         2
 Ozocubu's Armour         Ice            4%         N/A       28%         3
 Fulminant Prism          Conj/Hex       7%         3d7       38%         4
 Iskenderun's Mystic Bla  Conj/Tloc      14%        2d5       38%         4
 Olgreb's Toxic Radiance  Pois           4%         N/A       67%         4
 Ozocubu's Refrigeration  Ice            2%         4d5       100%        7


Dungeon Overview and Level Annotations

Branches:
Dungeon (3/15)

Altars:

Shops:
D:1 ?


Innate Abilities, Weirdness & Mutations

You are very small and have problems with some larger weapons.
You are too small for most types of armour.
You have supernaturally acute eyesight. (SInv)
You cover ground extremely quickly. (Speed+++)


Message History

The worm is moderately wounded. (Press . to maintain the ray.)
You hear the rusting of a drain very nearby.
The searing ray hits the worm.
The worm is heavily wounded.
The worm bites you but does no damage.
Your unstable footing causes you to fumble your attack.
The worm barely misses you.
Your unstable footing causes you to fumble your attack.
Okay, then.
You aren't carrying any items that you can evoke.
Magic courses through your body. The worm bites you but does no damage.
Casting: Searing Ray (safe; 2% risk of failure)
Confirm with . or Enter, or press ? or * to list all spells.
Aiming: Searing Ray (safe; 2% risk of failure)
Press: ? - help, Shift-Dir - straight line, f/p - worm
Aim: a worm (moderately wounded, 93% to hit)
The searing ray hits the worm.
The worm is severely wounded. (Press . to maintain the ray.)
A river rat comes into view.
A rat comes into view.
The worm splashes around in the water.
The worm bites you!
The searing ray hits the worm.
You kill the worm!
Unknown command.
The searing ray hits the river rat.
The river rat is heavily wounded.
The searing ray hits the rat!
You kill the rat!
A river rat comes into view.
The worm completely misses you.
Unknown command.
The searing ray hits the river rat.
You kill the river rat!
You finish channelling your searing ray.
The worm bites you!
* * * LOW HITPOINT WARNING * * *
Unknown command.
The river rat completely misses you. The river rat bites you.
You die...

........#
.....)..#
........#
........##...g
........##.....
#+########.... #
##...##### #
###....#≈w≈#
#.....≈#≈#@#
####.....≈#≈#r#
........≈≈≈≈#≈≈ .#
####...≈#≈#†## #.#
#...w.≈≈≈#≈≈
#.#####.#....#≈###
..##....#.(.≈≈≈#
..##.####....≈≈#
........#...†###


You could see a worm and a river rat.

Vanquished Creatures
  Natasha (thrice) (D:2)
  2 adders (D:2)
  2 river rats (D:3)
  3 worms (D:3)
  2 dart slugs (D:1)
  An orc (D:3)
  2 ball pythons
  7 bats
  3 endoplasms
  A giant cockroach (D:1)
  2 goblins
  4 hobgoblins
  A kobold (D:1)
  4 quokkas
  2 frilled lizards
  6 rats
45 creatures vanquished.

Notes
Turn   | Place    | Note
-------+----------+-------------------------------------------
     0 | D:1      | xian the Spriggan Conjurer began the quest for the Orb.
     0 | D:1      | Reached XP level 1. HP: 9/9 MP: 5/5
   431 | D:1      | Found Qiwko's Magic Scroll Shop.
   434 | D:1      | Reached XP level 2. HP: 13/13 MP: 3/6
   437 | D:1      | Learned a level 2 spell: Searing Ray
   567 | D:1      | Bought a scroll of identify for 20 gold pieces
  1041 | D:2      | Noticed Natasha
  1051 | D:2      | Reached XP level 3. HP: 16/16 MP: 3/8
  1053 | D:2      | Killed Natasha
  1194 | D:2      | Identified the +2 robe "Seixeyps" {rF+ rC- Int+4}
  1279 | D:2      | Noticed Natasha
  1285 | D:2      | Killed Natasha
  1286 | D:2      | Reached XP level 4. HP: 21/21 MP: 3/10
  1505 | D:2      | Found a faded altar of an unknown god.
  1646 | D:2      | Noticed Natasha
  1664 | D:2      | Killed Natasha
  2216 | D:3      | Reached XP level 5. HP: 24/24 MP: 7/12
  2303 | D:3      | Slain by a river rat

Illustrated notes

Levels and vault maps discovered:
D:1:      saegor_arrival_simple_e, layout_rooms, serial_shops, shop
D:2:      layout_loops_ring, shapermc_ecumenical_altar_pompeii,
          minmay_pentomino_r2, uniq_natasha
D:3:      layout_basic, lightli_sewer_entry_pipes

Skill      XL: |  1  2  3  4 |
---------------+-------------+-----
Conjurations   | 3 4 |  4.1
Spellcasting   | 3 4 |  4.1
Dodging        | 3 |  3.3
Stealth        | |  3.8

Action                   |  1- 3 |  4- 6 || total
-------------------------+-------+-------++-------
Melee: Dagger            |     4 |    14 ||    18
       Punch             |       |     1 ||     1
 Cast: Magic Dart        |    51 |    25 ||    76
       Searing Ray       |     1 |     6 ||     7
  Use: Scroll            |     2 |     4 ||     6
       Potion            |       |     1 ||     1
Armor: Robe              |     1 |     3 ||     4
Dodge: Dodged            |    10 |    14 ||    24

Table legend: (Time is in decaauts)
 A = Elapsed time spent in this place.
 B = Non-inter-level travel time spent in this place.
 C = Inter-level travel time spent in this place.
 D = Time resting spent in this place.
 E = Time spent auto-exploring this place.
 F = Levels seen in this place.
 G = Mean time per level.
                   A        B        C        D        E       F      G
               +--------+--------+--------+--------+--------+-----+--------+
         Total |   1729 |   1710 |     19 |      0 |   1299 |   3 |  576.3 |
       Dungeon |   1729 |   1710 |     19 |      0 |   1299 |   3 |  576.3 |
               +--------+--------+--------+--------+--------+-----+--------+

Top non-repeatable levels by time:
     D:2: 793 daAuts
     D:1: 623 daAuts
     D:3: 312 daAuts
